 Dungeon Crawl Stone Soup version 0.21.1-1-g345015f (webtiles) character file.

9 Goblin1989 the Insei (level 2, 0/21 HPs)
             Began as a Demonspawn Transmuter on Mar 2, 2018.
             Slain by a kobold
             ... wielding a +0 club
              (3 damage)
             ... on level 1 of the Dungeon.
             The game lasted 00:01:28 (390 turns).

Goblin1989 the Insei (Demonspawn Transmuter)         Turns: 390, Time: 00:01:29

Health: 0/21       AC:  4    Str: 10    XL:     2   Next: 6%
Magic:  3/5        EV: 12    Int: 14    God:
Gold:   15         SH:  0    Dex: 13    Spells: 4/5 levels left

rFire    . . .     SeeInvis .     - Unarmed
rCold    . . .     Gourm    .   (no shield)
rNeg     . . .     Faith    .   b - +0 robe
rPois    .         Spirit   .   (no helmet)
rElec    .         Reflect  .   (no cloak)
rCorr    .         Harm     .   (no gloves)
MR       .....                  (no boots)
Stlth    +.........             (no amulet)
HPRegen  0.07/turn              (no ring)
MPRegen  0.09/turn              (no ring)

@: appendage
A: horns 2, icy blue scales 1
a: End Transformation


You were on level 1 of the Dungeon.
You were not hungry.
You had grown temporary horns.
You visited 1 branch of the dungeon, and saw 1 of its levels.

You collected 15 gold pieces.

Inventory:

Hand Weapons
 f - a +0 hunting sling
Missiles
 a - 12 arrows
 h - 5 stones (quivered)
Armour
 b - a +0 robe (worn)
Scrolls
 i - a scroll of fear {unknown}
Books
 c - a book of Changes

   Spells                             Type                      Level
   a - Beastly Appendage              Transmutation                1
   b - Sticks to Snakes               Transmutation                2
   c - Spider Form                    Transmutation/Poison         3
   d - Ice Form                       Ice/Transmutation            4
   e - Blade Hands                    Transmutation                5
Comestibles
 e - a ration
 g - 2 chunks of flesh


   Skills:
 - Level 1.0 Fighting
 - Level 1.7 Dodging
 + Level 3.3 Unarmed Combat
 - Level 2.0 Spellcasting
 - Level 1.7 Transmutations


You had 4 spell levels left.
You knew the following spells:

 Your Spells              Type           Power        Failure   Level  Hunger
a - Beastly Appendage     Tmut           #.....       12%         1    ##.....


Dungeon Overview and Level Annotations

Branches:
Dungeon (1/15)

Altars:


Innate Abilities, Weirdness & Mutations

You are partially covered in icy blue scales. (AC +2)
You have a pair of horns on your head.


Message History

Your talons disappear.
Some of the chunks of flesh in your inventory have rotted away.
h - 2 stones (gained 1) Health restored: 15; MP restored: 3
h - 3 stones (gained 1)
h - 4 stones (gained 1)
h - 5 stones (gained 1)
i - a scroll labeled ZAOCO HONAZEODD 2 rats come into view.
There are monsters nearby!
A jackal and a kobold come into view.
You hit the rat.
You kill the rat!
A jackal comes into view.
The rat bites you but does no damage.
You completely miss the rat.
The jackal barks! x2
The jackal moves out of view.
The rat twitches its whiskers.
The rat bites you but does no damage.
You hit the rat.
You kill the rat!
You hit the jackal.
The jackal is moderately wounded.
The jackal bites you but does no damage.
The jackal barely misses you.
You closely miss the jackal.
The jackal is moderately wounded.
You barely miss the jackal. The jackal bites you.
A kobold comes into view. It is wielding a dagger.
You take 2 damage, and have 13/15 hp.
You closely miss the jackal.
The jackal is moderately wounded.
The kobold shouts!
The jackal closely misses you. The kobold completely misses you.
The jackal bites you. The jackal barely misses you.
You take 2 damage, and have 11/15 hp.
You hit the jackal but do no damage.
The jackal is moderately wounded.
The jackal closely misses you. The kobold completely misses you.
The jackal barely misses you.
You hit the jackal.
The jackal is heavily wounded.
The jackal bites you. x2; The kobold closely misses you.
The jackal bites you.
You take 2 damage, and have 9/15 hp.
You are too injured to fight recklessly!
You are too injured to fight recklessly!
Unknown command.
The kobold hits you with a club.
* * * LOW HITPOINT WARNING * * *
You take 5 damage, and have 4/15 hp.
MASSIVE DAMAGE!!
The jackal closely misses you. The jackal bites you.
* * * LOW HITPOINT WARNING * * *
You take 1 damage, and have 3/15 hp.
The jackal bites you.
* * * LOW HITPOINT WARNING * * *
You take 1 damage, and have 2/15 hp.
Casting: Beastly Appendage
Confirm with . or Enter, or press ? or * to list all spells.
You grow a pair of large bovine horns.
The jackal closely misses you.
You now have 2/3 mp.
Unknown command.
You hit the jackal.
The jackal is almost dead.
The jackal misses you.
The jackal bites you but does no damage.
You hit the jackal but do no damage. Your headbutt misses the jackal.
The jackal is almost dead.
The jackal bites you.
* * * LOW HITPOINT WARNING * * *
You take 1 damage, and have 1/15 hp.
Unknown command.
You hit the jackal.
You kill the jackal!
You have reached level 2!
Your demonic ancestry asserts itself...
Icy blue scales grow over part of your body.
You hit the jackal.
You kill the jackal!
Unknown command.
Your transformation is almost over.
Casting: Beastly Appendage
Confirm with . or Enter, or press ? or * to list all spells.
You extend your transformation's duration.
You now have 3/5 mp.
You hit the kobold.
The kobold is severely wounded.
The kobold hits you but does no damage.
You barely miss the kobold.
The kobold is severely wounded.
The kobold hits you but does no damage.
You completely miss the kobold. Your headbutt misses the kobold.
The kobold is severely wounded.
The kobold hits you but does no damage.
You barely miss the kobold.
You headbutt the kobold, but do no damage.
The kobold is severely wounded.
The kobold hits you with a club.
You die... ███ █████

█.. ...█
██████.██████.██████
..................>█
██████.███████████.█
█.....█ ███████.███████
█.█████ █..KK@.......)█
██...█ █.█████.█████.█
.█.█.█ █.█......█ █.█
.█...█ █K█.███..█ █.█
.█.███ █.█.█ █..█ █.█
.█∆████.█ █.█.███..█ █.██
.........█ █.█......█ █..█
.........███.█..█...█ █..█
█........▲..........████..█


You could see 2 kobolds.

Vanquished Creatures
  A leopard gecko (D:1)
  A giant cockroach (D:1)
  2 jackals (D:1)
  A bat (D:1)
  2 kobolds (D:1)
  2 rats (D:1)
9 creatures vanquished.

Notes
Turn   | Place    | Note
-------+----------+-------------------------------------------
     0 | D:1      | Goblin1989 the Demonspawn Transmuter began the quest for the Orb.
     0 | D:1      | Reached XP level 1. HP: 15/15 MP: 3/3
   174 | D:1      | Reached skill level 3 in Unarmed Combat
   377 | D:1      | Gained mutation: You are partially covered in icy blue scales. (AC +2) [demonic ancestry]
   377 | D:1      | Reached XP level 2. HP: 2/21 MP: 3/5
   390 | D:1      | Slain by a kobold

Skill      XL: |  1 |
---------------+----+-----
Unarmed Combat | 3 |  3.3
Fighting       | |  1.0
Dodging        | |  1.7
Spellcasting   | |  2.0
Transmutations | |  1.7

Action                   || total
-------------------------++-------
Melee: Unarmed           ||    36
       Headbutt          ||     2
 Cast: Beastly Appendage ||     4
Armor: Robe              ||    14
Dodge: Dodged            ||    39

Vault maps used:
D:1:      eino_arrival_druids_welcome, minivault_14
